[Event "Early-Titled-Tuesday-Blitz-April-16-2024"]
[Site "Chess.com"]
[Date "2024.04.16"]
[Round "9"]
[White "Egor_Koshulyan"]
[Black "bazar-wokzal"]
[Result "0-1"]
[WhiteElo "2714"]
[BlackElo "2605"]
[TimeControl "180+1"]
[EndTime "9:49:24 PDT"]
[Termination "bazar-wokzal won on time"]

1. f4 g6 2. Nf3 Bg7 3. g3 c6 4. Bg2 d5 5. O-O Qb6+ 6. d4 Nf6 7. Kh1 Nbd7 8. Ne5 Ne4 9. c4 h5 10. Nc3 Nxc3 11. bxc3 Nxe5 12. fxe5 dxc4 13. Bg5 Be6 14. e4 Rd8 15. Qf3 Qc7 16. h3 b5 17. Rad1 O-O 18.
d5 Bc8 19. d6 exd6 20. Bxd8 Qxd8 21. exd6 Be6 22. Qe3 Qa5 23. Rf3 Qxa2 24. d7 Rd8 25. Qg5 Qa5 26. Qe7 Qc7 27. Qe8+ Kh7 28. Rxf7 Bxf7 29.
Qxf7 Qe5 30. g4 hxg4 31. hxg4 Qxc3 32. Rd6 Qe1+ 33. Kh2 Qh4+ 34. Kg1 Qg5 35. e5 Qe3+ 36. Kf1 Qxe5 37. Qxg6+ Kg8 38. Re6 Qa1+ 39. Kf2 Qd4+ 40. Kg3 Qxd7 41. Bxc6 Qd3+ 42. Qxd3 Rxd3+ 43. Kh4 b4 44. Bb5 Rd4 45. Rc6 c3 46. Kg5 c2 0-1

[Event "Early-Titled-Tuesday-Blitz-April-16-2024"]
[Site "Chess.com"]
[Date "2024.04.16"]
[Round "9"]
[White "ilqar_74"]
[Black "ragnaroek66"]
[Result "0-1"]
[WhiteElo "2751"]
[BlackElo "2536"]
[TimeControl "180+1"]
[EndTime "9:49:26 PDT"]
[Termination "ragnaroek66 won by resignation"]

1. e4 c6 2. Nc3 d5 3. Nf3 Bg4 4. h3 Bxf3 5. Qxf3 e6 6. d3 Nd7 7. g3 Ngf6 8. Bg2 Bb4 9. O-O O-O 10. Qe2 Qc7 11. a3 Bc5 12. Kh2 Bd4 13. Nd1 e5 14. c3 Bc5 15. Ne3 Nb6 16. b4 Bd6 17. c4 dxc4 18.
dxc4 Be7 19. c5 Nbd7 20. Nf5 Rfe8 21. Be3 b6 22. Rfc1 Bf8 23. cxb6 axb6 24. Qc4 Rec8 25.
a4 Ne8 26. b5 Nc5 27. g4 cxb5 28. axb5 Nd6 29. Qd5 Rxa1 30. Rxa1 Nxb5 31. Rc1 Rd8 32. Qc4 Nd4 33. Ng3 b5 34. Qf1 Qb6 35. Rb1 b4 36.
Qc4 b3 37. Nf5 g6 38. Nh6+ Bxh6 39. Bxh6 b2 40. Be3 Nce6 41. Qc3 Rb8 42. Bf1 Qb4 43. Qd3 Nc5 44. Qd1 Nxe4 45. Qd3 Nc3 46. Bd2 Rc8 47. Bg2 Qb3 48. Bxc3 Rxc3 49. Qe4 Rc1 50. f4 Rxb1 51. Qxb1 Qc2 0-1

[Event "Early-Titled-Tuesday-Blitz-April-16-2024"]
[Site "Chess.com"]
[Date "2024.04.16"]
[Round "9"]
[White "emeli_chess"]
[Black "Dinosaurio_1975"]
[Result "0-1"]
[WhiteElo "2460"]
[BlackElo "2587"]
[TimeControl "180+1"]
[EndTime "9:49:26 PDT"]
[Termination "Dinosaurio_1975 won by resignation"]

1. d4 d5 2. c4 e6 3. Nc3 a6 4.
cxd5 exd5 5. Nf3 Nf6 6. Bg5 Be6 7. e3 Nbd7 8. Bd3 Bd6 9. h3 c6 10. O-O O-O 11. Rb1 Qc7 12. b4 h6 13. Bxf6 Nxf6 14. a4 b5 15. a5 Qe7 16. Qb3 g5 17. Ne5 Bxe5 18. dxe5 Nd7 19. Ne2 Nxe5 20. f4 Nxd3 21. Qxd3 c5 22. f5 Bd7 23. f6 Qd6 24. bxc5 Qxc5 25.
Nd4 Rfe8 26. Rbc1 Qd6 27. Rf3 Rac8 28. Rcf1 b4 29. h4 Rc3 30. Qd2 g4 31. e4 gxf3 32. Qxh6 Qg3 33. Nxf3 Qg6 34. Qf4 Rxe4 35. Qd6 Bh3 36.
Ng5 Re8 37. gxh3 Rc2 38. Rf2 Rc1+ 39. Kg2 Rc2 40. Kg3 Rc3+ 41. Rf3 Rxf3+ 42. Kxf3 Qf5+ 43.
Kg3 Qe5+ 44. Qxe5 Rxe5 45. Kf4 Re1 46. Nf3 Rf1 47. Ke3 Rxf3+ 48. Kxf3 b3 0-1

[Event "Early-Titled-Tuesday-Blitz-April-16-2024"]
[Site "Chess.com"]
[Date "2024.04.16"]
[Round "9"]
[White "kripri"]
[Black "Elnaz_Kaliakhmet"]
[Result "0-1"]
[WhiteElo "2367"]
[BlackElo "2558"]
[TimeControl "180+1"]
[EndTime "9:49:26 PDT"]
[Termination "Elnaz_Kaliakhmet won on time"]

1. e4 c5 2. Nf3 Nc6 3. d4 cxd4 4. Nxd4 Nf6 5. Nc3 d6 6. Bg5 Bd7 7. f3 a6 8. Qd2 e6 9. h4 Be7 10. O-O-O Qc7 11. g4 b5 12. Be3 O-O 13. h5 Rfc8 14. g5 Ne8 15. g6 Bf6 16. gxf7+ Kxf7 17. f4 b4 18. Nce2 Na5 19. Ng3 Nc4 20. Bxc4 Qxc4 21.
Kb1 a5 22. Rhf1 Kg8 23. Qf2 a4 24. e5 a3 25. b3 Qc3 26. Bc1 Be7 27. Rd3 Qc5 28.
Be3 Qc7 29. f5 dxe5 30. fxe6 Nf6 31. exd7 Rd8 32. Ne6 Qc6 33. Nxd8 Rxd8 34. Nf5 Bf8 35. Nh6+ gxh6 36. Qxf6 Qc7 37. Qf7+ Kh8 38. Qf6+ Bg7 39.
Rg1 Bxf6 40. Bxh6 e4 41. Rdg3 Qxd7 42. Bg5 Bxg5 43. Rxg5 Qd1+ 0-1

[Event "Early-Titled-Tuesday-Blitz-April-16-2024"]
[Site "Chess.com"]
[Date "2024.04.16"]
[Round "9"]
[White "mapleaff"]
[Black "Brahianzevich"]
[Result "0-1"]
[WhiteElo "2264"]
[BlackElo "2500"]
[TimeControl "180+1"]
[EndTime "9:49:26 PDT"]
[Termination "Brahianzevich won by resignation"]

1. d4 d5 2. Bf4 e6 3. Nf3 Nf6 4. e3 c5 5. c3 Nc6 6. Nbd2 Bd6 7. Bg3 O-O 8. Bd3 b6 9. e4 Be7 10. e5 Nh5 11. Ng5 Bxg5 12. Qxh5 g6 13. Qe2 cxd4 14. h4 Bh6 15. h5 dxc3 16. bxc3 Bg7 17. Nf3 Bb7 18.
Bh4 Qc7 19. Bf6 Nb4 20. Rc1 a5 21. c4 Ba6 22. Bb1 Bxc4 23. Qe3 Rac8 24. Ng5 d4 25.
Qe4 Bd3 26. Qf4 Qxc1+ 27. Qxc1 Rxc1+ 28. Kd2 Rxh1 29. Bxd3 Nxd3 30. Kxd3 Bxf6 31. exf6 Rxh5 32. Ne4 e5 33. g4 Rh1 34. g5 Ra1 35. Nd6 Rxa2 36. f3 Rd8 37. Nb7 Rb8 38. Nd6 b5 39.
Ne4 b4 40. Nc5 b3 41. Nd7 Rc8 42. Nxe5 b2 43. Ke4 b1=Q+ 44. Nd3 Ra3 45. Kf4 Qxd3 46. Ke5 Re8+ 47. Kd6 Qa6+ 48. Kd5 Qe6+ 49. Kxd4 Rd8+ 50. Kc5 Rc3+ 51. Kb5 Rb8+ 0-1

[Event "Early-Titled-Tuesday-Blitz-April-16-2024"]
[Site "Chess.com"]
[Date "2024.04.16"]
[Round "9"]
[White "Aygehovit1992"]
[Black "jcibarra"]
[Result "1-0"]
[WhiteElo "2760"]
[BlackElo "2928"]
[TimeControl "180+1"]
[EndTime "9:49:27 PDT"]
[Termination "Aygehovit1992 won on time"]

1. e4 Nc6 2. Nc3 d6 3. d4 Nf6 4.
Nf3 g6 5. Be3 Bg7 6. d5 Nb8 7.
Qd2 c6 8. O-O-O Qa5 9. Kb1 Nbd7 10. Nd4 cxd5 11. Nb3 Qc7 12. Nxd5 Nxd5 13. exd5 Nf6 14. Bb5+ Bd7 15. Bxd7+ Qxd7 16. Rhe1 O-O 17. Bh6 Rfc8 18.
Bxg7 Kxg7 19. Re3 a5 20. Rde1 a4 21. Rxe7 Qf5 22. Nd4 Qxd5 23. Ne6+ Kg8 24. Qh6 Nh5 25. Ng5 Nf6 26. Rxf7 Qxf7 27. Nxf7 Kxf7 28. a3 Ra5 29. Qf4 Rc6 30. Qb4 Rac5 31. Qxb7+ Rc7 32. Qb4 Rxc2 33. Qxa4 Rxf2 34. Qb3+ Kg7 35. a4 d5 36. a5 Ne4 37. Qb6 Rc4 38. Qb7+ Kh6 39. Re3 Rf1+ 40. Ka2 Nd2 41. Rh3+ Kg5 42. Qxd5+ Rf5 43.
Qxd2+ Kf6 44. Ra3 Rc6 45. a6 Rfc5 46. a7 1-0

[Event "Early-Titled-Tuesday-Blitz-April-16-2024"]
[Site "Chess.com"]
[Date "2024.04.16"]
[Round "9"]
[White "LileKoridze"]
[Black "DanyKopy"]
[Result "0-1"]
[WhiteElo "2377"]
[BlackElo "2528"]
[TimeControl "180+1"]
[EndTime "9:49:27 PDT"]
[Termination "DanyKopy won by checkmate"]

1. d4 d5 2. c4 e6 3. Nf3 Nf6 4.
g3 Be7 5. Bg2 O-O 6. O-O c6 7.
Qc2 Nbd7 8. Nbd2 b6 9. e4 Bb7 10. cxd5 cxd5 11. e5 Ne4 12. Nxe4 dxe4 13. Nd2 Rc8 14.
Qb1 Nb8 15. Nxe4 Qxd4 16. Be3 Qxe5 17. Nf6+ Bxf6 18. Bxb7 Rc7 19. Bf4 Qc5 20. Bxc7 Qxc7 21. Bg2 Qe5 22. a4 Qxb2 23. Qxb2 Bxb2 24. Rab1 Bd4 25.
Rfd1 Bc5 26. Rbc1 a5 27. Rc4 Na6 28. Bc6 Nb4 29. Bb5 g6 30. Rd7 Kg7 31. Rf4 Nd5 32. Rf3 Nf6 33. Rb7 Rd8 34. Bc4 Rd6 35. Kg2 g5 36. h3 h5 37. Rb3 Rd2 38. Rf3 Rd6 39. Rd3 Ne4 40. Rc7 Rxd3 41. Bxd3 Nxf2 42. Bc4 Ne4 43. Bxe6 Nd6 44. Rd7 Kg6 45. Bd5 f6 46. Rd8 g4 47. h4 f5 48. Rd7 Kf6 49.
Rh7 Kg6 50. Rh8 Bd4 51. Rd8 Bc5 52. Bc6 Nc4 53. Be8+ Kh6 54. Kh2 Ne3 55. Rb8 Nf1+ 56. Kg2 Nxg3 57. Rb7 f4 58. Rf7 Ne2 59. Bc6 f3+ 60.
Bxf3 gxf3+ 61. Rxf3 Nd4 62. Rf7 Kg6 63. Rc7 Nf5 64. Rd7 Nxh4+ 65. Kh3 Nf5 66. Rd5 Kf6 67. Rd8 Ke6 68. Rh8 h4 69. Re8+ Kd5 70. Rh8 Nd6 71. Rxh4 Nc4 72. Kg2 Nb2 73. Kf1 Bb4 74. Ke2 Nxa4 75.
Kd1 Nc5 76. Kc2 b5 77. Rh5+ Kc6 78. Rh6+ Kd5 79. Rh5+ Kd6 80. Rh6+ Ne6 81. Rh5 Bc5 82. Rh8 a4 83. Ra8 Kd5 84. Ra6 Nd4+ 85. Kd3 Nc6 86. Ra8 Nb4+ 87. Kd2 Nc6 88. Kd3 a3 89. Kc2 b4 90. Kb3 Nd4+ 91. Ka2 Kc4 92. Rc8 b3+ 93. Kb1 a2+ 94. Ka1 Nc2+ 95. Kb2 a1=Q# 0-1

[Event "Early-Titled-Tuesday-Blitz-April-16-2024"]
[Site "Chess.com"]
[Date "2024.04.16"]
[Round "9"]
[White "carloseduar100"]
[Black "cansun"]
[Result "0-1"]
[WhiteElo "2241"]
[BlackElo "2392"]
[TimeControl "180+1"]
[EndTime "9:49:27 PDT"]
[Termination "cansun won by resignation"]

1. d4 Nf6 2. Bg5 Ne4 3. h4 c5 4. d5 Qb6 5. Nd2 Nxd2 6. Bxd2 Qxb2 7. e4 Qb6 8. f4 d6 9. Nf3 e6 10. Bc4 Be7 11. Bc3 Bf6 12. e5 dxe5 13. fxe5 Bd8 14. Rb1 Qc7 15. d6 Qd7 16. Ng5 h6 17. Qh5 O-O 18. Kd2 Nc6 19. Rbf1 Nd4 20. Bxd4 cxd4 21. Rxf7 Rxf7 22. Bxe6 Bxg5+ 23. hxg5 Qxe6 24. gxh6 Qxh6+ 25. Qxh6 gxh6 26. Rxh6 Bd7 27. Kd3 Bf5+ 28. Kxd4 Re8 29. c4 Be6 30. g3 b6 31. a4 Rg7 32. a5 Rg4+ 33. Ke3 Rxg3+ 34. Kf4 Rg1 35. axb6 axb6 36.
Ke4 Re1+ 37. Kd4 Rd1+ 38. Ke4 Bxc4 39. d7 Rxd7 40. Rxb6 Rde7 41. Kd4 Bf7 42. Rb5 Bg6 43. Ra5 Kf7 44. Rb5 Ke6 45. Rb6+ Kf5 46. Rf6+ Kg5 0-1

[Event "Early-Titled-Tuesday-Blitz-April-16-2024"]
[Site "Chess.com"]
[Date "2024.04.16"]
[Round "9"]
[White "AmanteDeMoi"]
[Black "IM_ArthurDW08"]
[Result "0-1"]
[WhiteElo "2597"]
[BlackElo "2755"]
[TimeControl "180+1"]
[EndTime "9:49:28 PDT"]
[Termination "IM_ArthurDW08 won on time"]

1. Nf3 e6 2. e3 b6 3. b3 Bb7 4.
Bb2 Nf6 5. Be2 Be7 6. O-O O-O 7. c4 d5 8. cxd5 exd5 9. d3 Nbd7 10. Nbd2 Re8 11. Rc1 c5 12. Re1 Bd6 13. h3 Rc8 14. Qc2 b5 15. Qb1 a6 16. Qa1 Qc7 17. Bf1 h6 18. e4 dxe4 19. dxe4 Ne5 20. Nxe5 Bxe5 21. Bxe5 Rxe5 22. f4 Ree8 23. e5 Nh5 24. f5 Rcd8 25. Qc3 b4 26. Qe3 Qd7 27. Nc4 Qxf5 28. g4 Qg6 29.
Bg2 Bxg2 30. gxh5 Qc6 31. Nd6 Rxd6 32. Rxc5 Qa8 33. exd6 Rxe3 34. Rxe3 Bc6 35. Re7 Kh7 36. Rxf7 Bh1 37. Rc2 Qe4 38. Rfc7 Bf3 39. d7 Qd4+ 40. Kf1 Bxh5 0-1

[Event "Early-Titled-Tuesday-Blitz-April-16-2024"]
[Site "Chess.com"]
[Date "2024.04.16"]
[Round "9"]
[White "ubdip"]
[Black "JACK_BAU3R"]
[Result "1-0"]
[WhiteElo "2370"]
[BlackElo "1975"]
[TimeControl "180+1"]
[EndTime "9:49:28 PDT"]
[Termination "ubdip won on time"]

1. e4 c5 2. Nf3 d6 3. d4 cxd4 4. Qxd4 Nc6 5. Qe3 g6 6. Be2 Bg7 7. O-O Nf6 8. h3 O-O 9. Rd1 Qc7 10. c4 Ne5 11. Nxe5 dxe5 12. Nc3 e6 13. b3 a6 14. Ba3 Rd8 15. Rxd8+ Qxd8 16. Rd1 Qa5 17. Bb2 Qc7 18. Na4 b5 19. Nb6 Rb8 20. c5 Bb7 21. f3 b4 22. Rc1 Bf8 23. a3 a5 24. axb4 axb4 25. Na4 Bc6 26. f4 exf4 27. Qd4 e5 28. Qxe5 Qxe5 29.
Bxe5 Nd7 30. Bxb8 Nxb8 31. Bf3 Nd7 32. Rc4 Bxa4 33. bxa4 Nxc5 34. Rxb4 Nd3 35. Rb8 Kg7 36. a5 h5 37. Kf1 Ne5 38. a6 Bc5 39. Rb7 Nxf3 40. gxf3 Kf6 41. a7 Bxa7 42. Rxa7 Ke6 43. Ra5 f5 44. e5 g5 45. Ke2 g4 46. fxg4 hxg4 47. hxg4 fxg4 48. Kf2 Kf5 49. Rb5 Ke6 50. Ke2 Kf5 51. Kd3 1-0

[Event "Early-Titled-Tuesday-Blitz-April-16-2024"]
[Site "Chess.com"]
[Date "2024.04.16"]
[Round "9"]
[White "NewYearGirl"]
[Black "Sanyura"]
[Result "0-1"]
[WhiteElo "2381"]
[BlackElo "2602"]
[TimeControl "180+1"]
[EndTime "9:49:30 PDT"]
[Termination "Sanyura won by checkmate"]

1. e4 c5 2. Nf3 e6 3. d4 cxd4 4. Nxd4 Nf6 5. Nc3 Nc6 6. Ndb5 Bc5 7. Nd6+ Ke7 8. Bf4 e5 9. Nf5+ Kf8 10. Bg5 h6 11.
Bxf6 Qxf6 12. Nd5 Qd8 13. Bc4 d6 14. Nfe3 Be6 15. O-O Rc8 16. c3 a6 17. b4 Ba7 18. a4 g6 19. Bb3 Kg7 20. a5 Rf8 21. Kh1 Qh4 22. Nb6 Bxb3 23. Qxb3 Bxb6 24. axb6 Qxe4 25. Nd5 Nb8 26. f4 Qc4 27. Qd1 f5 28. Rf3 Nc6 29. h4 h5 30. Rg3 exf4 31. Rg5 f3 32. g3 Ne5 33. Ne7 f2 34. Kg2 Qe4+ 35. Kxf2 Rxc3 36. Ra2 Rf3+ 37. Kg1 Re3 38. Ra1 Nf3+ 39.
Kf2 Nxg5 40. hxg5 Qxe7 41. Qd4+ Qe5 42. Qxe3 Qxa1 43. Qe7+ Rf7 44. Qxd6 Qc3 45. Kg1 Qc6 46. Qd4+ Kh7 47. Kh2 Rd7 48. Qe5 Rd2+ 49. Kh3 Qh1# 0-1

[Event "Early-Titled-Tuesday-Blitz-April-16-2024"]
[Site "Chess.com"]
[Date "2024.04.16"]
[Round "9"]
[White "FaustinoOro"]
[Black "Tagir45"]
[Result "1-0"]
[WhiteElo "2930"]
[BlackElo "2636"]
[TimeControl "180+1"]
[EndTime "9:49:31 PDT"]
[Termination "FaustinoOro won on time"]

1. e4 c5 2. Nf3 d6 3. Bb5+ Nd7 4.
O-O a6 5. Bd3 b5 6. c3 Ngf6 7.
a4 Bb7 8. Re1 c4 9. Bc2 e6 10.
axb5 axb5 11. Rxa8 Qxa8 12. Na3 Bxe4 13. Bxe4 Nxe4 14.
d3 cxd3 15. Nxb5 Qb7 16. Qxd3 Ndc5 17. Qe2 Nf6 18. Bf4 Nce4 19. Rd1 e5 20. Bg5 Nd7 21. Qxe4 Qxb5 22. Nd4 Qa6 23. Nc6 f6 24. Be3 Be7 25. Qd5 Qb7 26. Nxe7 Qxd5 27. Nxd5 Kf7 28. b4 Ra8 29.
Rb1 Ra2 30. b5 Ke6 31. Nc7+ Kf5 32. b6 Ke4 33. b7 Nb8 34. h4 f5 35. Nb5 f4 36. Ba7 Nc6 37. Nxd6+ Kd3 38. b8=Q Nxb8 39. Bxb8 e4 40. Rd1+ Ke2 41. Rd4 e3 42. fxe3 fxe3 43. Nf5 Ra1+ 44. Kh2 Ra8 45. Bf4 Rf8 46. Nxe3 h6 47.
Nd5 g5 48. hxg5 hxg5 49. Bxg5 Rh8+ 50. Kg3 Rg8 51. Nf4+ Ke3 52. Nh3+ Ke2 53. Rg4 Rc8 54. Bf6 Re8 55. Bd4 Kf1 56. Rf4+ Ke1 57. Ng5 Rg8 58. Kg4 Ke2 59. Rf7 Re8 60. Bf6 Rg8 61. c4 Rc8 62. Kf4 Rxc4+ 63. Ne4 1-0

[Event "Early-Titled-Tuesday-Blitz-April-16-2024"]
[Site "Chess.com"]
[Date "2024.04.16"]
[Round "9"]
[White "SpongeBob_03"]
[Black "AlphaGoosee"]
[Result "1-0"]
[WhiteElo "2282"]
[BlackElo "2565"]
[TimeControl "180+1"]
[EndTime "9:49:31 PDT"]
[Termination "SpongeBob_03 won on time"]

1. e4 c5 2. Nf3 d6 3. Bb5+ Nd7 4.
O-O Nf6 5. Re1 a6 6. Bxd7+ Bxd7 7. c3 e6 8. d4 Be7 9. Nbd2 Bc6 10. Qc2 Rc8 11.
dxc5 dxc5 12. e5 Nd7 13. Nc4 b5 14. Nd6+ Bxd6 15. exd6 Nf6 16. Bf4 Bxf3 17. gxf3 Nh5 18. Rad1 O-O 19. Qe4 Nxf4 20. Qxf4 Qd7 21. Qe5 Rc6 22. Re2 Rd8 23. Red2 f6 24. Qe4 g6 25. c4 b4 26. b3 Qc8 27. Kg2 Kf7 28. Qh4 Kg7 29. Qf4 Qd7 30. h4 e5 31. Qe4 Rb6 32.
h5 Rc6 33. Rh1 Rcc8 34. Qd5 Qf5 35. h6+ Kf8 36. d7 Rb8 37. Qd6+ Kf7 38. Qd5+ Qe6 39.
Qxc5 Rxd7 40. Rhd1 Re7 41. Rd6 Qf5 42. Qd5+ Re6 43.
Rd7+ Ke8 44. Rd8+ Rxd8 45. Qxd8+ Kf7 46. Rd7+ Re7 47. Qxe7+ 1-0

[Event "Early-Titled-Tuesday-Blitz-April-16-2024"]
[Site "Chess.com"]
[Date "2024.04.16"]
[Round "9"]
[White "BallottiLuca"]
[Black "Likvidator228"]
[Result "1-0"]
[WhiteElo "2383"]
[BlackElo "2518"]
[TimeControl "180+1"]
[EndTime "9:49:31 PDT"]
[Termination "BallottiLuca won by checkmate"]

1. d4 Nf6 2. Bg5 Ne4 3. Bf4 c5 4. f3 Nf6 5. dxc5 Qa5+ 6. Nc3 Qxc5 7. e4 d6 8. Qd2 a6 9. O-O-O Nc6 10. g4 h6 11. h4 Be6 12. Kb1 g6 13. Nd5 Bxd5 14. exd5 Ne5 15. Bxe5 dxe5 16. h5 gxh5 17. gxh5 O-O-O 18. c4 Kb8 19. Ne2 e6 20. Nc3 exd5 21. cxd5 Bd6 22.
Rh4 Rc8 23. Ne4 Nxe4 24. fxe4 Be7 25. Rh3 Bg5 26. Qc3 Qd6 27. Qb3 Rc5 28. Rc3 Rhc8 29. Rxc5 Qxc5 30. a3 Ka7 31. Bd3 Be3 32. Ka2 Bd4 33.
Rf1 Qe7 34. d6 Qxd6 35. Rxf7 Rc7 36. Rxc7 Qxc7 37. Qc4 Qb6 38. Qb3 Qf6 39. Bc4 b5 40. Bd5 Qf2 41. Qb4 Qf6 42. Qd2 Kb6 43. Qc2 Bc5 44. a4 Qf3 45. axb5 Kxb5 46. Qd2 a5 47. Qc2 Qf2 48. Qb3+ Bb4 49. Qc4+ Kb6 50. Qc6+ Ka7 51. Qb7# 1-0

[Event "Early-Titled-Tuesday-Blitz-April-16-2024"]
[Site "Chess.com"]
[Date "2024.04.16"]
[Round "9"]
[White "Gryffindorac8"]
[Black "Lion-Al-Messi"]
[Result "0-1"]
[WhiteElo "2443"]
[BlackElo "2578"]
[TimeControl "180+1"]
[EndTime "9:49:32 PDT"]
[Termination "Lion-Al-Messi won by resignation"]

1. d4 Nf6 2. c4 b6 3. Nc3 Bb7 4. Nf3 e6 5. g3 Be7 6. Bg2 O-O 7. O-O Ne4 8. Qc2 Nxc3 9. Qxc3 c5 10. Bf4 Bf6 11. Bd6 Re8 12. Qd2 cxd4 13. Nxd4 Bxg2 14. Kxg2 Nc6 15. Nf3 Rc8 16. Rad1 Na5 17. b3 Nb7 18.
Ba3 Rc7 19. h4 h6 20. e4 Be7 21. Bxe7 Qxe7 22. e5 Rd8 23. Rfe1 d6 24. exd6 Rxd6 25. Qe2 Rcd7 26. Ne5 Rxd1 27. Rxd1 Rxd1 28. Qxd1 Nc5 29. Kg1 Ne4 30. Qd4 Nf6 31. Nc6 Qc7 32. Ne5 h5 33. b4 Qb7 34. c5 bxc5 35. bxc5 Qd5 36. Qxd5 Nxd5 37. Nc6 a6 38. Nb8 Nc7 39. Kg2 Kf8 40. Nd7+ Ke7 41. Nb6 e5 42. Kf3 Ke6 43. Ke4 f5+ 44.
Kd3 f4 45. gxf4 exf4 46. Ke4 Kf7 47. Kxf4 Ne6+ 48. Kf5 Nxc5 49. Nc4 g6+ 50. Kf4 Kf6 51. Nd6 Nd3+ 52. Ke3 Ne5 53. Ne4+ Kf5 54. f3 Nc4+ 55. Kd4 Ne5 56. Ke3 Nf7 57. Ng3+ Ke6 58. Ne4 Ke5 59.
Nc3 Nd6 60. Ne4 Nf5+ 61. Kf2 Nxh4 62. Ng3 Nf5 63. Kg2 Nxg3 64. Kxg3 g5 65. Kf2 Kf4 66.
Kg2 a5 67. a3 a4 68. Kf2 h4 69. Kg2 h3+ 70. Kxh3 Kxf3 0-1

[Event "Early-Titled-Tuesday-Blitz-April-16-2024"]
[Site "Chess.com"]
[Date "2024.04.16"]
[Round "9"]
[White "tetrix83"]
[Black "RobertoJBM"]
[Result "1-0"]
[WhiteElo "2644"]
[BlackElo "2870"]
[TimeControl "180+1"]
[EndTime "9:49:34 PDT"]
[Termination "tetrix83 won by resignation"]

1. e4 c6 2. d4 d5 3. exd5 cxd5 4. Bd3 Nc6 5. c3 g6 6. h3 Bf5 7. Be2 Bh6 8. Nf3 Bxc1 9. Qxc1 Bxb1 10. Rxb1 Nf6 11.
Qh6 e6 12. O-O Qe7 13. Bb5 Rc8 14. Ne5 Qf8 15. Qh4 Qe7 16. Qh6 Qf8 17. Qh4 Qg7 18. Rfe1 O-O 19. Bxc6 bxc6 20. Nd3 Ne4 21. f3 Qf6 22.
Qxf6 Nxf6 23. g4 Nd7 24. b4 Rfe8 25. Re2 f6 26. Rbe1 Kf7 27. f4 Re7 28. a4 Nb6 29. a5 Nc4 30. g5 h6 31. gxf6 Kxf6 32. Ne5 Nd6 33. Ng4+ Kf7 34. Nxh6+ Kf6 35. Ng4+ Kf7 36. Rg2 Rg8 37. Ne5+ Kf6 38. Re3 Nf5 39. Rd3 Rc7 40. Rg4 a6 41. Kf2 Rgg7 42. Rd1 Nh6 43. Rg5 Nf5 44. Rdg1 Ne7 45. h4 Rh7 46. Nxg6 Nf5 47. h5 Nd6 48. Kf3 Ne4 49. Nf8 Rhe7 50. Rg8 Rc8 51.
R1g6+ Kf7 52. R6g7+ Ke8 53. Ng6+ 1-0

[Event "Early-Titled-Tuesday-Blitz-April-16-2024"]
[Site "Chess.com"]
[Date "2024.04.16"]
[Round "9"]
[White "Meri-Arabidze"]
[Black "FARIZA2018"]
[Result "0-1"]
[WhiteElo "2674"]
[BlackElo "2573"]
[TimeControl "180+1"]
[EndTime "9:49:34 PDT"]
[Termination "FARIZA2018 won on time"]

1. Nf3 d5 2. b3 Nf6 3. Bb2 e6 4.
g3 c5 5. Bg2 Nc6 6. O-O Be7 7. c4 d4 8. e3 e5 9. d3 O-O 10. e4 a6 11. a3 Be6 12. Nbd2 h6 13.
Nh4 Qd7 14. Qe1 Rae8 15. f4 exf4 16. gxf4 Qc7 17. h3 Bc8 18. e5 Nh5 19. Ne4 Qd8 20. Qd1 g6 21. Nf3 Nxf4 22. Bc1 Nxg2 23. Kxg2 Kg7 24.
Bf4 Qd7 25. Rh1 Qf5 26. Qd2 g5 27. Bg3 Qg6 28. Raf1 Bf5 29. Nf6 Bxf6 30. exf6+ Qxf6 31. h4 Re3 32. hxg5 hxg5 33. Rh5 Rfe8 34. Rxg5+ Bg6 35. Rf2 Rxf3 36. Rxf3 Qe6 37. Bf4 Ne7 38. Rgg3 Nf5 39. Rg5 Nh4+ 40. Kg3 Nxf3 41. Kxf3 Qh3+ 42. Rg3 Qf1+ 43.
Kg4 Rh8 44. Be5+ f6 45. Bf4 Rh5 0-1

[Event "Early-Titled-Tuesday-Blitz-April-16-2024"]
[Site "Chess.com"]
[Date "2024.04.16"]
[Round "9"]
[White "Djager97"]
[Black "FlemingA"]
[Result "1-0"]
[WhiteElo "2555"]
[BlackElo "2420"]
[TimeControl "180+1"]
[EndTime "9:49:35 PDT"]
[Termination "Djager97 won on time"]

1. e4 g6 2. d4 d6 3. Nc3 Nf6 4. Nf3 Bg7 5. Be3 O-O 6. Qd2 a6 7. Bh6 b5 8. Bd3 Bb7 9. h4 b4 10. Nd5 Nxd5 11. exd5 Bxd5 12. h5 Bf6 13. Bxf8 Qxf8 14.
O-O-O Nc6 15. Kb1 Qg7 16. Rhe1 Bxf3 17. gxf3 Nxd4 18. h6 Qf8 19. Be4 Rb8 20. f4 Qc8 21.
Qe3 c5 22. Rg1 e6 23. f5 exf5 24. Bd5 Qd7 25. Rge1 Kf8 26. Qd3 a5 27. Qc4 a4 28.
Re3 Be5 29. Rde1 Bf6 30. c3 bxc3 31. Rxc3 Nb5 32. Rce3 Nc7 33. R3e2 Nb5 34. Kc1 Nd4 35.
Re3 a3 36. b3 f4 37. Re4 f3 38. Qa6 Bg5+ 39. Kd1 Bf6 40. Qxa3 Rd8 41. Qa6 Rc8 42.
Kc1 Rd8 43. Kb1 Bg5 44. Bc4 Bxh6 45. Rh4 Bg5 46. Rxh7 Kg8 47. Reh1 Bf6 48. Bd3 d5 49. Qxf6 1-0

[Event "Early-Titled-Tuesday-Blitz-April-16-2024"]
[Site "Chess.com"]
[Date "2024.04.16"]
[Round "9"]
[White "UnTucopalaTimba"]
[Black "IsmaelAmadorGarcia"]
[Result "0-1"]
[WhiteElo "2020"]
[BlackElo "2313"]
[TimeControl "180+1"]
[EndTime "9:49:36 PDT"]
[Termination "IsmaelAmadorGarcia won on time"]

1. e4 c5 2. Nf3 d6 3. Bb5+ Nd7 4. d4 cxd4 5. Qxd4 Nf6 6. Bg5 e6 7. Nc3 a6 8. Bxd7+ Bxd7 9. Rd1 h6 10. Bh4 Be7 11. Bg3 e5 12. Qd3 O-O 13. O-O Rc8 14. Nh4 Qc7 15. Nf5 Bxf5 16. exf5 Qc4 17. Qf3 b5 18. Rfe1 b4 19. Ne4 Nxe4 20. Qxe4 Qxc2 21.
Qxb4 Rb8 22. Qg4 Qxb2 23. f6 Bxf6 24. Rxd6 Rb6 25. Rxb6 Qxb6 26. h3 Re8 27. Qd7 Rd8 28. Qf5 Qb4 29. Rb1 Qd4 30. Qc2 Qd2 31. Qc6 Qxa2 32. Rc1 Qb2 33. Qc7 Kh7 34. Qc4 Qd4 35. Qxf7 e4 36. Qe6 Kh8 37. Qf5 Bg5 38. Re1 e3 39.
fxe3 Bxe3+ 40. Kh1 Bg5 41. Qf3 Qd2 42. Rf1 Bf6 43. Qb7 a5 44. Qb5 Qb4 45. Qf5 Qd2 46. Rb1 a4 47. Qb5 a3 0-1

[Event "Early-Titled-Tuesday-Blitz-April-16-2024"]
[Site "Chess.com"]
[Date "2024.04.16"]
[Round "9"]
[White "PLAYER_2006_M"]
[Black "GMSrinath"]
[Result "0-1"]
[WhiteElo "2961"]
[BlackElo "2839"]
[TimeControl "180+1"]
[EndTime "9:49:37 PDT"]
[Termination "GMSrinath won by resignation"]

1. e4 c5 2. Nf3 d6 3. Nc3 Nf6 4. e5 dxe5 5. Nxe5 Nbd7 6. d4 a6 7. Bf4 e6 8. Be2 cxd4 9. Qxd4 Bc5 10. Qd2 O-O 11. O-O Nxe5 12. Qxd8 Rxd8 13. Bxe5 b5 14.
Bf3 Ra7 15. Rad1 Rad7 16. Bc6 Rxd1 17. Rxd1 Bxf2+ 18. Kxf2 Rxd1 19. Nxd1 Ng4+ 20. Kg3 Nxe5 21. Be4 Kf8 22. Kf4 f6 23. h4 g6 24. b3 Nf7 25.
Ke3 Nd6 26. Bc6 e5 27. a4 bxa4 28. Bxa4 Nf5+ 29. Kf2 Nxh4 30. c4 Ke7 31. c5 Nf5 32. b4 Nd4 33. Nc3 Be6 34. Ne4 Bd5 35. Nd6 Bc6 36.
Bd1 Nb5 37. Nc4 Nc3 38. Bb3 Bd5 39. Ke3 Nb5 40. Nd2 Bxb3 41. Nxb3 Ke6 42. Na5 Kd5 43. Nb7 Nd4 44. Nd8 Nc2+ 45. Kd2 Nxb4 46. Nf7 Kxc5 47. g4 Nc6 48. g5 fxg5 49. Nxg5 h5 50. Ke3 Kd5 51.
Ne4 a5 52. Nc3+ Ke6 53. Ke4 h4 54. Kf3 Kf5 55. Nd5 a4 56. Ne7+ Nxe7 57. Kg2 Nd5 58. Kh3 0-1

[Event "Early-Titled-Tuesday-Blitz-April-16-2024"]
[Site "Chess.com"]
[Date "2024.04.16"]
[Round "9"]
[White "Mikhail_Golubev"]
[Black "NikitaShnadrygin"]
[Result "0-1"]
[WhiteElo "2596"]
[BlackElo "2745"]
[TimeControl "180+1"]
[EndTime "9:49:37 PDT"]
[Termination "NikitaShnadrygin won on time"]

1. e4 c5 2. Nf3 e6 3. d4 cxd4 4. Nxd4 Nf6 5. Nc3 Nc6 6. a3 Be7 7. Nxc6 bxc6 8. e5 Nd5 9. Qg4 Nxc3 10. Qxg7 Rf8 11. bxc3 Qa5 12. Qg3 f5 13. exf6 Bxf6 14. Bd2 Ke7 15. Bd3 Ba6 16. O-O Rg8 17. Qh3 Raf8 18.
Rfe1 Rf7 19. Re3 Bg5 20. Rg3 Rfg7 21. Bxg5+ Rxg5 22. Qxh7+ R8g7 23. Qh4 Bxd3 24. cxd3 Qxc3 25. Rf1 Qf6 26. Qb4+ Kf7 27. Qd6 Rd5 28. Qc7 Qd4 29.
Rf3+ Rf5 30. Rxf5+ exf5 31. Re1 Qd5 32. g3 Rg6 33. Qf4 Re6 34. Rxe6 Kxe6 35. d4 d6 36. h4 Kd7 37. h5 c5 38. dxc5 dxc5 39. h6 Qf7 40.
Qe5 c4 41. Qb5+ Kd6 42. Qa6+ Kd5 43. Kf1 Kd4 44. Qa5 c3 45. Qb4+ Kd3 46. Qb5+ Kc2 47. Qe2+ Kb3 48. Qb5+ Ka2 49. Qa5 Qc4+ 50. Kg1 c2 0-1